Crunch vs Comets
Created - March 16, 2023 at 20:32
Goals
|
| Crunch |
3 |
2 |
0 |
5 |
| Comets |
3 |
1 |
3 |
7 |
|
Shots
|
| Crunch |
16 |
15 |
4 |
35 |
| Comets |
14 |
10 |
7 |
31 |
|
1st period
1. Crunch , Brandon Hagel 18 (Rem Pitlick 9, Noah Hanifin 18) at 3:09
2. Comets , Gustav Lindstrom 2 (Juuso Riikola 13, Chandler Stephenson 19) at 8:46
3. Comets , Daniel Zaar 39 (Nicolas Petan 19, Teemu Hartikainen 46) at 9:18
4. Crunch , Sam Bennett 4 (Denis Gurianov 38, Anthony Cirelli 30) at 11:10
5. Crunch , Brandon Hagel 19 (Brendan Guhle 7, Rem Pitlick 10) at 16:46
6. Comets , Nicolas Petan 23 (Daniel Zaar 41, Daniil Miromanov 5) at 19:17
Penalties :
No Penalty
2nd period
7. Crunch , Denis Gurianov 31 (Sam Bennett 9, Kaapo Kahkonen) at 1:38 (PP)
8. Crunch , Jacob Josefson 26 (Michael Ferland 10, Sam Bennett 10) at 5:10
9. Comets , Daniil Miromanov 1 (Juuso Riikola 14, Teemu Hartikainen 47) at 18:00 (PP)
Penalties :
Teemu Hartikainen (Uti) for Roughing (Minor) at 1:24, Daniil Miromanov (Uti) for High sticking (Minor) at 7:36, Sam Bennett (Syr) for Roughing (Minor) at 17:50
3rd period
10. Comets , Teemu Pulkkinen 28 (Andrej Nestrasil 34, Curtis Lazar 27) at 8:23
11. Comets , Teemu Hartikainen 46 (Juuso Riikola 15) at 13:02 (SH)
12. Comets , Daniel Zaar 40 (Andrej Nestrasil 35, Daniil Miromanov 6) at 19:32 (Empty Net)
Penalties :
Rem Pitlick (Syr) for Interference (Minor) at 0:45, Daniil Miromanov (Uti) for Holding (Minor) at 12:48
Goalie Stats
Kaapo Kahkonen (Syr), 24 saves from 30 shots - (0.800), L, 15-15-3, 59:44 minutes
Thatcher Demko (Uti), 16 saves from 21 shots - (0.762), 25:10 minutes
Casey DeSmith (Uti), 14 saves from 14 shots - (1.000), W, 8-6-1, 34:50 minutes
Players Stats for Crunch
Player Name G A P +/- PIM S H SB GA TA FO MP PP MP PK MP
------------------------------------------------------------------------------------
Anatoli Golyshev 0 0 0 0 0 1 1 0 0 0 0/0 8:42 0:00 0:00
Anthony Cirelli 0 1 1 -4 0 1 2 1 0 0 1/3 23:36 2:31 1:11
Brandon Hagel 2 0 2 2 0 2 2 0 1 0 0/0 17:16 1:41 0:18
Brendan Guhle 0 1 1 -3 0 1 1 5 0 0 0/0 27:20 2:51 1:15
Christoffer Ehn 0 0 0 2 0 0 1 1 0 0 7/10 13:05 0:51 0:40
Connor Bunnaman 0 0 0 0 0 0 1 0 0 0 1/1 8:39 0:00 0:00
Denis Gurianov 1 1 2 -4 0 7 0 1 1 1 0/0 22:10 2:29 0:00
Jacob Josefson 1 0 1 0 0 2 2 1 0 0 5/9 11:39 0:21 0:18
Jeremy Bracco 0 0 0 0 0 3 0 0 0 0 0/1 9:49 0:00 0:00
Jeremy Lauzon 0 0 0 -1 0 2 0 0 0 0 0/0 12:23 0:00 0:00
Joel Vermin 0 0 0 0 0 1 1 0 0 1 1/1 8:39 0:00 0:00
Jordan Oesterle 0 0 0 2 0 2 1 2 0 0 0/0 20:17 1:21 0:54
Michael Ferland 0 1 1 0 0 1 1 0 0 0 0/3 14:23 0:35 0:50
Noah Hanifin 0 1 1 2 0 2 1 2 1 1 0/0 20:17 1:21 0:54
Rem Pitlick 0 2 2 2 2 4 5 0 0 0 1/1 16:56 1:43 0:00
Roland McKeown 0 0 0 -3 0 0 3 3 0 2 0/0 27:20 2:51 1:15
Sam Bennett 1 2 3 -4 2 6 2 0 2 0 20/39 22:55 2:25 1:01
Sean Walker 0 0 0 -1 0 0 1 0 0 1 0/0 12:23 0:00 0:00
Players Stats for Comets
Player Name G A P +/- PIM S H SB GA TA FO MP PP MP PK MP
------------------------------------------------------------------------------------
Adam Ollas-Mattsson 0 0 0 1 0 0 0 2 0 0 0/0 12:15 0:00 2:52
Andrej Nestrasil 0 2 2 0 0 2 0 0 1 0 5/9 16:13 0:56 0:10
Anton Karlsson 0 0 0 0 0 0 0 0 0 0 0/0 8:15 0:00 0:44
Chandler Stephenson 0 1 1 0 0 1 0 0 0 1 1/6 10:10 0:00 0:00
Curtis Lazar 0 1 1 -1 0 2 0 1 0 0 0/0 15:20 0:56 0:00
Dan Renouf 0 0 0 0 0 0 0 0 0 0 0/0 1:28 0:00 1:20
Daniel Zaar 2 1 3 3 0 7 1 0 1 0 4/8 24:58 1:13 2:28
Daniil Miromanov 1 2 3 1 4 1 0 1 0 2 0/0 26:47 1:05 0:00
Gustav Lindstrom 1 0 1 0 0 2 2 0 0 0 0/0 19:28 1:04 0:00
Jaret Anderson-Dolan 0 0 0 0 0 0 0 0 0 0 0/0 0:00 0:00 0:00
Juho Lammikko 0 0 0 0 0 1 2 1 0 0 0/0 7:31 0:00 0:00
Juuso Riikola 0 3 3 1 0 2 0 0 0 1 0/0 22:16 1:05 2:52
Mackenzie MacEachern 0 0 0 0 0 0 0 0 0 0 0/0 0:46 0:03 0:00
Michael Joly 0 0 0 0 0 0 0 0 0 0 0/0 0:00 0:00 0:00
Nicolas Petan 1 1 2 1 0 1 3 1 0 0 18/37 21:56 1:10 0:00
Oliver Kylington 0 0 0 1 0 0 1 0 1 0 0/0 28:21 1:04 1:20
Phil Di Giuseppe 0 0 0 0 0 2 1 0 0 0 0/0 10:10 0:00 0:00
Rasmus Asplund 0 0 0 0 0 0 0 0 0 0 0/1 0:58 0:00 0:58
Teemu Hartikainen 1 2 3 3 2 6 3 0 2 0 3/5 24:27 1:10 2:10
Teemu Pulkkinen 1 0 1 -1 0 2 1 1 0 0 1/1 16:00 0:56 0:57
Tyler Graovac 0 0 0 0 0 1 2 1 0 0 0/1 7:31 0:00 0:00
Vince Hinostroza 0 0 0 0 0 1 0 0 1 1 0/0 11:07 0:00 0:57
William Lagesson 0 0 0 0 0 0 0 0 0 0 0/0 9:23 0:00 0:00
William Lockwood 0 0 0 0 0 0 0 0 0 0 0/0 0:25 0:03 0:00
3 Stars
1 - Daniel Zaar (Uti)
2 - Teemu Hartikainen (Uti)
3 - Brandon Hagel (Syr)
Power Play
Crunch - 1 on 3 Attempt(s) - 33.33%
Comets - 1 on 2 Attempt(s) - 50.00%
Penalty Kill
Crunch - 1 on 2 Attempt(s) - 50.00%
- Score 0 goal in Penalty Kill
Comets - 2 on 3 Attempt(s) - 66.67%
- Score 1 goal in Penalty Kill
Team Stat
Crunch - Hits : 25 - Faceoff Wins : 36 - Blocked Shots : 16 - Penalty Minutes : 4
Comets - Hits : 16 - Faceoff Wins : 32 - Blocked Shots : 8 - Penalty Minutes : 6
Official
Referees : Mitch Dunning and Conor O'Donnell
Linesman : Steve Barton and Kory Nagy
Game Notes
Casey DeSmith enters game at 5:10 of 2nd period
Christoffer Ehn is injured at 5:08 of 3rd period (Bruised Left Shoulder)
Daniel Zaar has scored in a empty net!
Finance
Level 1 -- Attendance: 1787 (89.35%) -- Ticket Income $62,545
Level 2 -- Attendance: 923 (92.30%) -- Ticket Income $13,845
Total Attendance: 2710 (90.33%)
Total Ticket Income: $76,390
Other Income: $3,820
Total Income: $80,210
Crunch
5 vs 5 Forward
Center Left Wing Right Wing Time % Phy DF OF
1 Sam Bennett Anthony Cirelli Denis Gurianov 40 1 2 2
2 Christoffer Ehn Brandon Hagel Rem Pitlick 30 1 2 2
3 Jacob Josefson Michael Ferland Jeremy Bracco 20 1 2 2
4 Connor Bunnaman Anatoli Golyshev Joel Vermin 10 1 2 2
5 vs 5 Defense
Defense Defense Time % Phy DF OF
1 Roland McKeown Brendan Guhle 40 1 2 2
2 Noah Hanifin Jordan Oesterle 30 1 2 2
3 Jeremy Lauzon Sean Walker 20 1 2 2
4 Roland McKeown Brendan Guhle 10 1 2 2
PowerPlay Forward
Center Left Wing Right Wing Time % Phy DF OF
1 Sam Bennett Anthony Cirelli Denis Gurianov 60 1 2 2
2 Christoffer Ehn Brandon Hagel Rem Pitlick 40 1 2 2
PowerPlay Defense
Defense Defense Time % Phy DF OF
1 Roland McKeown Brendan Guhle 60 1 2 2
2 Noah Hanifin Jordan Oesterle 40 1 2 2
Penalty Kill 4 Players Forward
Center Wing Time % Phy DF OF
1 Sam Bennett Anthony Cirelli 60 1 2 2
2 Christoffer Ehn Michael Ferland 40 1 2 2
Penalty Kill 4 Players Defense
Defense Defense Time % Phy DF OF
1 Roland McKeown Brendan Guhle 60 1 2 2
2 Noah Hanifin Jordan Oesterle 40 1 2 2
Penalty Kill - 3 Players Forward
Forward Time % Phy DF OF
1 Sam Bennett 60 1 2 2
2 Christoffer Ehn 40 1 2 2
Penalty Kill - 3 Players Defense
Defense Defense Time % Phy DF OF
1 Roland McKeown Brendan Guhle 60 1 2 2
2 Noah Hanifin Jordan Oesterle 40 1 2 2
4 vs 4 Forward
Center Wing Time % Phy DF OF
1 Sam Bennett Anthony Cirelli 60 1 2 2
2 Christoffer Ehn Denis Gurianov 40 1 2 2
4 vs 4 Defense
Defense Defense Time % Phy DF OF
1 Roland McKeown Brendan Guhle 60 1 2 2
2 Noah Hanifin Jordan Oesterle 40 1 2 2
Last Minutes Offensive
Center Left Wing Right Wing Defense Defense
Sam Bennett Anthony Cirelli Denis Gurianov Roland McKeown Brendan Guhle
Last Minutes Defensive
Center Left Wing Right Wing Defense Defense
Sam Bennett Anthony Cirelli Denis Gurianov Roland McKeown Brendan Guhle
Goaltenders
Starting : Kaapo Kahkonen
Backup : Jordan Binnington
Extra Forwards
Normal : Michael Ferland, Brandon Hagel, Jacob Josefson - PP : Michael Ferland, Brandon Hagel - PK : Michael Ferland
Extra Defensemen
Normal : Jordan Oesterle, Jeremy Lauzon, Sean Walker - PP : Jordan Oesterle - PK : Jordan Oesterle, Jeremy Lauzon
Penalty Shots
Sam Bennett, Anthony Cirelli, Denis Gurianov, Christoffer Ehn, Michael Ferland
Scratches
Axel Holmstrom (Healthy), Blake Lizotte (Healthy), Charles-Olivier Roussel (Healthy), Max McCormick (Healthy), Michael Downing (Healthy)
Nikita Gusev (Healthy), Blake Hillman (Healthy), Josef Korenar (Healthy)
Comets
5 vs 5 Forward
Center Left Wing Right Wing Time % Phy DF OF
1 Nicolas Petan Teemu Hartikainen Daniel Zaar 55 1 2 2
2 Andrej Nestrasil Teemu Pulkkinen Curtis Lazar 30 1 2 2
3 Chandler Stephenson Phil Di Giuseppe Vince Hinostroza 10 1 2 2
4 Tyler Graovac Anton Karlsson Juho Lammikko 5 1 2 2
5 vs 5 Defense
Defense Defense Time % Phy DF OF
1 Daniil Miromanov Oliver Kylington 55 1 2 2
2 Gustav Lindstrom Juuso Riikola 30 1 2 2
3 Adam Ollas-Mattsson William Lagesson 10 1 2 2
4 Gustav Lindstrom Juuso Riikola 5 1 2 2
PowerPlay Forward
Center Left Wing Right Wing Time % Phy DF OF
1 Nicolas Petan Teemu Hartikainen Daniel Zaar 60 1 2 2
2 Andrej Nestrasil Teemu Pulkkinen Curtis Lazar 40 1 2 2
PowerPlay Defense
Defense Defense Time % Phy DF OF
1 Juuso Riikola Daniil Miromanov 60 1 2 2
2 Oliver Kylington Gustav Lindstrom 40 1 2 2
Penalty Kill 4 Players Forward
Center Wing Time % Phy DF OF
1 Daniel Zaar Teemu Hartikainen 60 1 2 2
2 Vince Hinostroza Teemu Pulkkinen 40 1 2 2
Penalty Kill 4 Players Defense
Defense Defense Time % Phy DF OF
1 Adam Ollas-Mattsson Juuso Riikola 60 1 2 2
2 Oliver Kylington Dan Renouf 40 1 2 2
Penalty Kill - 3 Players Forward
Forward Time % Phy DF OF
1 Daniel Zaar 60 1 2 2
2 Teemu Hartikainen 40 1 2 2
Penalty Kill - 3 Players Defense
Defense Defense Time % Phy DF OF
1 Adam Ollas-Mattsson Juuso Riikola 60 1 2 2
2 Oliver Kylington Dan Renouf 40 1 2 2
4 vs 4 Forward
Center Wing Time % Phy DF OF
1 Daniel Zaar Teemu Hartikainen 60 1 2 2
2 Vince Hinostroza Teemu Pulkkinen 40 1 2 2
4 vs 4 Defense
Defense Defense Time % Phy DF OF
1 Adam Ollas-Mattsson Juuso Riikola 60 1 2 2
2 Oliver Kylington Dan Renouf 40 1 2 2
Last Minutes Offensive
Center Left Wing Right Wing Defense Defense
Nicolas Petan Teemu Hartikainen Daniel Zaar Vince Hinostroza Daniil Miromanov
Last Minutes Defensive
Center Left Wing Right Wing Defense Defense
Andrej Nestrasil Teemu Hartikainen Daniel Zaar Vince Hinostroza Juuso Riikola
Goaltenders
Starting : Thatcher Demko
Backup : Casey DeSmith
Extra Forwards
Normal : Mackenzie MacEachern, William Lockwood, Rasmus Asplund - PP : Mackenzie MacEachern, William Lockwood - PK : Rasmus Asplund
Extra Defensemen
Normal : Adam Ollas-Mattsson, Oliver Kylington, Gustav Lindstrom - PP : Adam Ollas-Mattsson - PK : Oliver Kylington, Gustav Lindstrom
Penalty Shots
Daniel Zaar, Teemu Hartikainen, Vince Hinostroza, Teemu Pulkkinen, Andrej Nestrasil
Scratches
Anton Zlobin (Healthy), Lane Pederson (Healthy), Jack Rathbone (Healthy), Brandon Biro (Healthy), Dmitry Sokolov (Healthy)
Marek Langhamer (Healthy), Kevin Lankinen (Healthy), Michael Dipietro (Healthy)
% Time on Ice - Crunch
Lines # - Real PCT - Wanted PCT - Time Play
Normal Forward
1 - 35% - 40% - 18:45
2 - 31% - 30% - 16:24
3 - 17% - 20% - 9:09
4 - 16% - 10% - 8:39
Normal Defense
1 - 37% - 40% - 19:46
2 - 34% - 30% - 18:02
3 - 23% - 20% - 12:23
4 - 5% - 10% - 2:46
PP Forward
1 - 58% - 60% - 2:25
2 - 42% - 40% - 1:47
PP Defense
1 - 68% - 60% - 2:51
2 - 32% - 40% - 1:21
PK Forward
1 - 80% - 60% - 1:43
2 - 20% - 40% - 0:26
PK Defense
1 - 58% - 60% - 1:15
2 - 42% - 40% - 0:54
PK3 Forward
1 - 0% - 60%
2 - 0% - 40%
PK3 Defense
1 - 0% - 60%
2 - 0% - 40%
44 Forward
1 - 0% - 60%
2 - 0% - 40%
44 Defense
1 - 0% - 60%
2 - 0% - 40%
Last Minute Offensive - 0:42
Last Minute Defensive - 0:00
Total
Forward - 60:00
Defense - 60:00
|
% Time on Ice - Comets
Lines # - Real PCT - Wanted PCT - Time Play
Normal Forward
1 - 39% - 55% - 20:51
2 - 27% - 30% - 14:24
3 - 19% - 10% - 10:10
4 - 14% - 5% - 7:31
Normal Defense
1 - 47% - 55% - 25:01
2 - 30% - 30% - 15:55
3 - 18% - 10% - 9:23
4 - 5% - 5% - 2:37
PP Forward
1 - 57% - 60% - 1:13
2 - 43% - 40% - 0:56
PP Defense
1 - 50% - 60% - 1:05
2 - 50% - 40% - 1:04
PK Forward
1 - 77% - 60% - 3:15
2 - 23% - 40% - 0:57
PK Defense
1 - 68% - 60% - 2:52
2 - 32% - 40% - 1:20
PK3 Forward
1 - 0% - 60%
2 - 0% - 40%
PK3 Defense
1 - 0% - 60%
2 - 0% - 40%
44 Forward
1 - 0% - 60%
2 - 0% - 40%
44 Defense
1 - 0% - 60%
2 - 0% - 40%
Last Minute Offensive - 0:00
Last Minute Defensive - 0:43
Total
Forward - 60:00
Defense - 60:00
|
Play-by-Play
1st period
0:01 of 1st period - Nicolas Petan wins face-off versus Sam Bennett in neutral zone.
0:06 of 1st period - Backhand shot by Teemu Hartikainen.
0:06 of 1st period - Deflect By Daniel Zaar.
0:06 of 1st period - Stopped by Kaapo Kahkonen with a rebound.
0:57 of 1st period - Snap shot by Anatoli Golyshev.
0:57 of 1st period - Stopped by Thatcher Demko with a rebound.
1:12 of 1st period - Tyler Graovac is hit by Jacob Josefson and loses puck.
2:17 of 1st period - Roland McKeown is hit by Phil Di Giuseppe and loses puck.
2:30 of 1st period - Anton Karlsson is hit by Jacob Josefson and loses puck.
3:09 of 1st period - Slapshot by Brandon Hagel.
3:09 of 1st period - Goal by Brandon Hagel - Crunch : 1 - Comets : 0.
3:10 of 1st period - Nicolas Petan wins face-off versus Sam Bennett in neutral zone.
3:13 of 1st period - Snap shot by Teemu Hartikainen.
3:13 of 1st period - Stopped by Kaapo Kahkonen without a rebound.
3:14 of 1st period - Sam Bennett wins face-off versus Nicolas Petan in Crunch zone.
4:44 of 1st period - Snap shot by Anton Karlsson.
4:44 of 1st period - Deflect By Juho Lammikko.
4:44 of 1st period - Shot Misses the Net.
4:44 of 1st period - Puck is out of play.
4:45 of 1st period - Sam Bennett wins face-off versus Tyler Graovac in Crunch zone.
4:50 of 1st period - Sam Bennett is hit by Juho Lammikko and loses puck.
5:11 of 1st period - Snap shot by Tyler Graovac.
5:11 of 1st period - Shot Misses the Net.
5:17 of 1st period - Wrist shot by Sam Bennett.
5:17 of 1st period - Shot Blocked by Tyler Graovac.
5:19 of 1st period - Slapshot by Jeremy Lauzon.
5:19 of 1st period - Stopped by Thatcher Demko without a rebound.
5:20 of 1st period - Nicolas Petan wins face-off versus Christoffer Ehn in Comets zone.
5:25 of 1st period - Wrist shot by Teemu Hartikainen.
5:25 of 1st period - Shot Misses the Net.
5:45 of 1st period - Teemu Hartikainen is hit by Joel Vermin and loses puck.
5:52 of 1st period - Roland McKeown is hit by Teemu Hartikainen and loses puck.
6:25 of 1st period - Off-side.
6:26 of 1st period - Andrej Nestrasil wins face-off versus Sam Bennett in neutral zone.
6:29 of 1st period - Wrist shot by Andrej Nestrasil.
6:29 of 1st period - Stopped by Kaapo Kahkonen without a rebound.
6:30 of 1st period - Teemu Pulkkinen wins face-off versus Sam Bennett in Crunch zone.
6:55 of 1st period - Snap shot by Andrej Nestrasil.
6:55 of 1st period - Shot Blocked by Noah Hanifin.
7:01 of 1st period - Slapshot by Rem Pitlick.
7:01 of 1st period - Stopped by Thatcher Demko without a rebound.
7:02 of 1st period - Christoffer Ehn wins face-off versus Chandler Stephenson in Comets zone.
7:35 of 1st period - Slapshot by Sam Bennett.
7:35 of 1st period - Stopped by Thatcher Demko with a rebound.
7:37 of 1st period - Snap shot by Anthony Cirelli.
7:37 of 1st period - Shot Blocked by Curtis Lazar.
7:39 of 1st period - Snap shot by Anthony Cirelli.
7:39 of 1st period - Deflect By Sam Bennett.
7:39 of 1st period - Shot Blocked by Teemu Pulkkinen.
7:39 of 1st period - Puck is out of play.
7:40 of 1st period - Jacob Josefson wins face-off versus Nicolas Petan in Comets zone.
7:55 of 1st period - Snap shot by Jeremy Bracco.
7:55 of 1st period - Stopped by Thatcher Demko with a rebound.
8:24 of 1st period - Icing by Curtis Lazar.
8:25 of 1st period - Christoffer Ehn wins face-off versus Chandler Stephenson in Comets zone.
8:26 of 1st period - Snap shot by Rem Pitlick.
8:26 of 1st period - Shot Misses the Net.
8:30 of 1st period - Snap shot by Rem Pitlick.
8:30 of 1st period - Stopped by Thatcher Demko without a rebound.
8:31 of 1st period - Chandler Stephenson wins face-off versus Jacob Josefson in Comets zone.
8:42 of 1st period - Slapshot by Chandler Stephenson.
8:42 of 1st period - Stopped by Kaapo Kahkonen with a rebound.
8:44 of 1st period - Snap shot by Juuso Riikola.
8:44 of 1st period - Stopped by Kaapo Kahkonen with a rebound.
8:46 of 1st period - Slapshot by Gustav Lindstrom.
8:46 of 1st period - Goal by Gustav Lindstrom - Crunch : 1 - Comets : 1.
8:47 of 1st period - Sam Bennett wins face-off versus Teemu Hartikainen in neutral zone.
8:56 of 1st period - Slapshot by Denis Gurianov.
8:56 of 1st period - Stopped by Thatcher Demko without a rebound.
8:57 of 1st period - Sam Bennett wins face-off versus Nicolas Petan in Comets zone.
9:18 of 1st period - Slapshot by Daniel Zaar.
9:18 of 1st period - Goal by Daniel Zaar - Crunch : 1 - Comets : 2.
9:19 of 1st period - Rem Pitlick wins face-off versus Teemu Hartikainen in neutral zone.
9:54 of 1st period - Off-side.
9:55 of 1st period - Nicolas Petan wins face-off versus Sam Bennett in neutral zone.
9:57 of 1st period - Off-side.
9:58 of 1st period - Sam Bennett wins face-off versus Nicolas Petan in neutral zone.
10:11 of 1st period - Snap shot by Sam Bennett.
10:11 of 1st period - Stopped by Thatcher Demko with a rebound.
10:28 of 1st period - Snap shot by Juho Lammikko.
10:28 of 1st period - Shot Misses the Net.
10:30 of 1st period - Wrist shot by Juuso Riikola.
10:30 of 1st period - Stopped by Kaapo Kahkonen with a rebound.
10:32 of 1st period - Slapshot by Juho Lammikko.
10:32 of 1st period - Shot Misses the Net.
10:52 of 1st period - Snap shot by Jeremy Bracco.
10:52 of 1st period - Shot Misses the Net.
10:54 of 1st period - Slapshot by Jacob Josefson.
10:54 of 1st period - Deflect By Jeremy Bracco.
10:54 of 1st period - Stopped by Thatcher Demko with a rebound.
10:56 of 1st period - Snap shot by Michael Ferland.
10:56 of 1st period - Stopped by Thatcher Demko without a rebound.
10:57 of 1st period - Nicolas Petan wins face-off versus Sam Bennett in Comets zone.
11:08 of 1st period - Snap shot by Denis Gurianov.
11:08 of 1st period - Shot Misses the Net.
11:10 of 1st period - Wrist shot by Sam Bennett.
11:10 of 1st period - Goal by Sam Bennett - Crunch : 2 - Comets : 2.
11:11 of 1st period - Christoffer Ehn wins face-off versus Nicolas Petan in neutral zone.
11:17 of 1st period - Off-side.
11:18 of 1st period - Christoffer Ehn wins face-off versus Nicolas Petan in neutral zone.
12:11 of 1st period - Wrist shot by Daniel Zaar.
12:11 of 1st period - Stopped by Kaapo Kahkonen without a rebound.
12:12 of 1st period - Sam Bennett wins face-off versus Andrej Nestrasil in Crunch zone.
12:38 of 1st period - Sean Walker is hit by Gustav Lindstrom.
13:10 of 1st period - Snap shot by Sam Bennett.
13:10 of 1st period - Stopped by Thatcher Demko without a rebound.
13:11 of 1st period - Jacob Josefson wins face-off versus Andrej Nestrasil in Comets zone.
13:41 of 1st period - Snap shot by Daniel Zaar.
13:41 of 1st period - Stopped by Kaapo Kahkonen without a rebound.
13:42 of 1st period - Nicolas Petan wins face-off versus Christoffer Ehn in Crunch zone.
13:45 of 1st period - Slapshot by Teemu Hartikainen.
13:45 of 1st period - Shot Misses the Net.
13:55 of 1st period - Nicolas Petan is hit by Brandon Hagel and loses puck.
14:05 of 1st period - Icing by Daniel Zaar.
14:06 of 1st period - Teemu Hartikainen wins face-off versus Jacob Josefson in Comets zone.
14:06 of 1st period - Teemu Hartikainen is hit by Michael Ferland.
14:14 of 1st period - Snap shot by Curtis Lazar.
14:14 of 1st period - Shot Misses the Net.
14:39 of 1st period - Icing by Brendan Guhle.
14:40 of 1st period - Sam Bennett wins face-off versus Nicolas Petan in Crunch zone.
14:55 of 1st period - Daniil Miromanov is hit by Anthony Cirelli and loses puck.
15:17 of 1st period - Off-side.
15:18 of 1st period - Andrej Nestrasil wins face-off versus Jeremy Bracco in neutral zone.
15:44 of 1st period - Vince Hinostroza is hit by Christoffer Ehn and loses puck.
16:30 of 1st period - Wrist shot by Denis Gurianov.
16:30 of 1st period - Shot Misses the Net.
16:38 of 1st period - Wrist shot by Denis Gurianov.
16:38 of 1st period - Stopped by Thatcher Demko without a rebound.
16:39 of 1st period - Christoffer Ehn wins face-off versus Andrej Nestrasil in Comets zone.
16:42 of 1st period - Backhand shot by Rem Pitlick.
16:42 of 1st period - Shot Misses the Net.
16:44 of 1st period - Wrist shot by Brendan Guhle.
16:44 of 1st period - Stopped by Thatcher Demko with a rebound.
16:46 of 1st period - Wrist shot by Brandon Hagel.
16:46 of 1st period - Goal by Brandon Hagel - Crunch : 3 - Comets : 2.
16:47 of 1st period - Sam Bennett wins face-off versus Daniel Zaar in neutral zone.
17:02 of 1st period - Brendan Guhle is hit by Teemu Hartikainen and loses puck.
17:13 of 1st period - Wrist shot by Phil Di Giuseppe.
17:13 of 1st period - Deflect By Vince Hinostroza.
17:13 of 1st period - Shot Misses the Net.
17:13 of 1st period - Puck is out of play.
17:14 of 1st period - Jacob Josefson wins face-off versus Chandler Stephenson in Crunch zone.
17:45 of 1st period - Wrist shot by Teemu Hartikainen.
17:45 of 1st period - Stopped by Kaapo Kahkonen without a rebound.
17:46 of 1st period - Sam Bennett wins face-off versus Nicolas Petan in Crunch zone.
18:56 of 1st period - Vince Hinostroza is hit by Connor Bunnaman and loses puck.
19:15 of 1st period - Snap shot by Daniel Zaar.
19:15 of 1st period - Stopped by Kaapo Kahkonen with a rebound.
19:17 of 1st period - Slapshot by Nicolas Petan.
19:17 of 1st period - Goal by Nicolas Petan - Crunch : 3 - Comets : 3.
19:18 of 1st period - Nicolas Petan wins face-off versus Sam Bennett in neutral zone.
19:43 of 1st period - Gustav Lindstrom is hit by Rem Pitlick.
19:47 of 1st period - Snap shot by Andrej Nestrasil.
19:47 of 1st period - Deflect By Brandon Hagel.
19:47 of 1st period - Stopped by Kaapo Kahkonen with a rebound.
19:54 of 1st period - Off-side.
19:55 of 1st period - Nicolas Petan wins face-off versus Sam Bennett in neutral zone.
Goals for this period are 3 for Crunch vs 3 for Comets.
Shots for this period are 16 for Crunch vs 14 for Comets.
2nd period
0:01 of 2nd period - Nicolas Petan wins face-off versus Sam Bennett in neutral zone.
0:30 of 2nd period - Slapshot by Oliver Kylington.
0:30 of 2nd period - Deflect By Curtis Lazar.
0:30 of 2nd period - Stopped by Kaapo Kahkonen with a rebound.
0:53 of 2nd period - Wrist shot by Juho Lammikko.
0:53 of 2nd period - Stopped by Kaapo Kahkonen with a rebound.
1:20 of 2nd period - Slapshot by Noah Hanifin.
1:20 of 2nd period - Stopped by Thatcher Demko without a rebound.
1:21 of 2nd period - Sam Bennett wins face-off versus Daniel Zaar in Comets zone.
1:22 of 2nd period - Wrist shot by Anthony Cirelli.
1:22 of 2nd period - Shot Misses the Net.
1:24 of 2nd period - Minor Penalty to Teemu Hartikainen for Roughing.
1:25 of 2nd period - Daniel Zaar wins face-off versus Anthony Cirelli in Comets zone.
1:38 of 2nd period - Snap shot by Denis Gurianov.
1:38 of 2nd period - Goal by Denis Gurianov - Crunch : 4 - Comets : 3.
1:39 of 2nd period - Sam Bennett wins face-off versus Nicolas Petan in neutral zone.
1:42 of 2nd period - Wrist shot by Sam Bennett.
1:42 of 2nd period - Deflect By Denis Gurianov.
1:42 of 2nd period - Shot Misses the Net.
1:42 of 2nd period - Puck is out of play.
1:43 of 2nd period - Sam Bennett wins face-off versus Nicolas Petan in Comets zone.
2:20 of 2nd period - Backhand shot by Rem Pitlick.
2:20 of 2nd period - Stopped by Thatcher Demko with a rebound.
2:40 of 2nd period - Snap shot by Phil Di Giuseppe.
2:40 of 2nd period - Stopped by Kaapo Kahkonen without a rebound.
2:41 of 2nd period - Nicolas Petan wins face-off versus Sam Bennett in Crunch zone.
2:46 of 2nd period - Snap shot by Teemu Hartikainen.
2:46 of 2nd period - Stopped by Kaapo Kahkonen with a rebound.
2:50 of 2nd period - Backhand shot by Teemu Hartikainen.
2:50 of 2nd period - Shot Blocked by Jordan Oesterle.
3:03 of 2nd period - Icing by Daniil Miromanov.
3:04 of 2nd period - Christoffer Ehn wins face-off versus Andrej Nestrasil in Comets zone.
3:33 of 2nd period - Snap shot by Teemu Hartikainen.
3:33 of 2nd period - Shot Blocked by Denis Gurianov.
3:45 of 2nd period - Daniel Zaar is hit by Roland McKeown and loses puck.
4:04 of 2nd period - Wrist shot by Jeremy Bracco.
4:04 of 2nd period - Stopped by Thatcher Demko with a rebound.
5:10 of 2nd period - Wrist shot by Jacob Josefson.
5:10 of 2nd period - Goal by Jacob Josefson - Crunch : 5 - Comets : 3.
5:10 of 2nd period - Casey DeSmith enters game.
5:11 of 2nd period - Sam Bennett wins face-off versus Nicolas Petan in neutral zone.
5:16 of 2nd period - Snap shot by Teemu Hartikainen.
5:16 of 2nd period - Shot Blocked by Brendan Guhle.
5:33 of 2nd period - Daniil Miromanov is hit by Sam Bennett and loses puck.
5:54 of 2nd period - Snap shot by Teemu Hartikainen.
5:54 of 2nd period - Deflect By Nicolas Petan.
5:54 of 2nd period - Shot Blocked by Brendan Guhle.
5:54 of 2nd period - Puck is out of play.
5:55 of 2nd period - Andrej Nestrasil wins face-off versus Christoffer Ehn in Crunch zone.
5:58 of 2nd period - Snap shot by Teemu Pulkkinen.
5:58 of 2nd period - Stopped by Kaapo Kahkonen with a rebound.
6:00 of 2nd period - Slapshot by Juuso Riikola.
6:00 of 2nd period - Shot Blocked by Christoffer Ehn.
7:36 of 2nd period - Minor Penalty to Daniil Miromanov for High sticking.
7:37 of 2nd period - Sam Bennett wins face-off versus Daniel Zaar in Comets zone.
7:39 of 2nd period - Slapshot by Sam Bennett.
7:39 of 2nd period - Deflect By Denis Gurianov.
7:39 of 2nd period - Stopped by Casey DeSmith without a rebound.
7:40 of 2nd period - Daniel Zaar wins face-off versus Sam Bennett in Comets zone.
9:09 of 2nd period - Icing by Sam Bennett.
9:10 of 2nd period - Sam Bennett wins face-off versus Rasmus Asplund in Crunch zone.
9:36 of 2nd period - Penalty to Daniil Miromanov is over, Daniil Miromanov is back on ice.
9:43 of 2nd period - Slapshot by Andrej Nestrasil.
9:43 of 2nd period - Deflect By Curtis Lazar.
9:43 of 2nd period - Shot Misses the Net.
9:43 of 2nd period - Puck is out of play.
9:44 of 2nd period - Andrej Nestrasil wins face-off versus Jacob Josefson in Crunch zone.
9:53 of 2nd period - Slapshot by Jordan Oesterle.
9:53 of 2nd period - Deflect By Oliver Kylington.
9:53 of 2nd period - Stopped by Casey DeSmith with a rebound.
11:26 of 2nd period - Snap shot by Sam Bennett.
11:26 of 2nd period - Stopped by Casey DeSmith with a rebound.
11:28 of 2nd period - Snap shot by Jordan Oesterle.
11:28 of 2nd period - Stopped by Casey DeSmith with a rebound.
11:30 of 2nd period - Backhand shot by Anthony Cirelli.
11:30 of 2nd period - Stopped by Casey DeSmith without a rebound.
11:31 of 2nd period - Christoffer Ehn wins face-off versus Nicolas Petan in Comets zone.
11:46 of 2nd period - Backhand shot by Nicolas Petan.
11:46 of 2nd period - Shot Misses the Net.
12:58 of 2nd period - Snap shot by Anatoli Golyshev.
12:58 of 2nd period - Shot Blocked by Adam Ollas-Mattsson.
13:18 of 2nd period - Roland McKeown is hit by Gustav Lindstrom and loses puck.
13:37 of 2nd period - Curtis Lazar is hit by Brendan Guhle and loses puck.
14:22 of 2nd period - Snap shot by Juho Lammikko.
14:22 of 2nd period - Shot Blocked by Jacob Josefson.
14:24 of 2nd period - Snap shot by Gustav Lindstrom.
14:24 of 2nd period - Stopped by Kaapo Kahkonen without a rebound.
14:25 of 2nd period - Jacob Josefson wins face-off versus Nicolas Petan in Crunch zone.
14:25 of 2nd period - Jacob Josefson is hit by Nicolas Petan.
14:28 of 2nd period - Icing by Jordan Oesterle.
14:29 of 2nd period - Nicolas Petan wins face-off versus Jacob Josefson in Crunch zone.
16:47 of 2nd period - Rem Pitlick is hit by Tyler Graovac and loses puck.
17:14 of 2nd period - Snap shot by Phil Di Giuseppe.
17:14 of 2nd period - Stopped by Kaapo Kahkonen without a rebound.
17:15 of 2nd period - Jacob Josefson wins face-off versus Nicolas Petan in Crunch zone.
17:22 of 2nd period - Slapshot by Noah Hanifin.
17:22 of 2nd period - Shot Blocked by Nicolas Petan.
17:24 of 2nd period - Wrist shot by Jacob Josefson.
17:24 of 2nd period - Shot Misses the Net.
17:26 of 2nd period - Slapshot by Jordan Oesterle.
17:26 of 2nd period - Deflect By Jacob Josefson.
17:26 of 2nd period - Stopped by Casey DeSmith without a rebound.
17:27 of 2nd period - Sam Bennett wins face-off versus Nicolas Petan in Comets zone.
17:28 of 2nd period - Backhand shot by Denis Gurianov.
17:28 of 2nd period - Stopped by Casey DeSmith without a rebound.
17:29 of 2nd period - Sam Bennett wins face-off versus Nicolas Petan in Comets zone.
17:30 of 2nd period - Slapshot by Denis Gurianov.
17:30 of 2nd period - Shot Misses the Net.
17:40 of 2nd period - Slapshot by Teemu Hartikainen.
17:40 of 2nd period - Stopped by Kaapo Kahkonen with a rebound.
17:50 of 2nd period - Minor Penalty to Sam Bennett for Roughing.
17:51 of 2nd period - Nicolas Petan wins face-off versus Michael Ferland in Crunch zone.
17:54 of 2nd period - Snap shot by Teemu Hartikainen.
17:54 of 2nd period - Shot Misses the Net.
17:56 of 2nd period - Slapshot by Juuso Riikola.
17:56 of 2nd period - Shot Blocked by Brendan Guhle.
17:58 of 2nd period - Slapshot by Juuso Riikola.
17:58 of 2nd period - Shot Blocked by Brendan Guhle.
18:00 of 2nd period - Slapshot by Daniil Miromanov.
18:00 of 2nd period - Goal by Daniil Miromanov - Crunch : 5 - Comets : 4.
18:01 of 2nd period - Nicolas Petan wins face-off versus Sam Bennett in neutral zone.
18:16 of 2nd period - Slapshot by Sam Bennett.
18:16 of 2nd period - Shot Misses the Net.
18:35 of 2nd period - Wrist shot by Rem Pitlick.
18:35 of 2nd period - Stopped by Casey DeSmith without a rebound.
18:36 of 2nd period - Nicolas Petan wins face-off versus Sam Bennett in Comets zone.
18:46 of 2nd period - Snap shot by Denis Gurianov.
18:46 of 2nd period - Stopped by Casey DeSmith without a rebound.
18:47 of 2nd period - Daniel Zaar wins face-off versus Sam Bennett in Comets zone.
18:54 of 2nd period - Snap shot by Oliver Kylington.
18:54 of 2nd period - Shot Blocked by Roland McKeown.
19:17 of 2nd period - Slapshot by Noah Hanifin.
19:17 of 2nd period - Stopped by Casey DeSmith with a rebound.
19:43 of 2nd period - Wrist shot by Anton Karlsson.
19:43 of 2nd period - Shot Misses the Net.
19:59 of 2nd period - Snap shot by Vince Hinostroza.
19:59 of 2nd period - Stopped by Kaapo Kahkonen without a rebound.
Goals for this period are 2 for Crunch vs 1 for Comets.
Shots for this period are 15 for Crunch vs 10 for Comets.
3rd period
0:01 of 3rd period - Teemu Hartikainen wins face-off versus Sam Bennett in neutral zone.
0:06 of 3rd period - Wrist shot by Nicolas Petan.
0:06 of 3rd period - Shot Blocked by Roland McKeown.
0:16 of 3rd period - Snap shot by Sam Bennett.
0:16 of 3rd period - Shot Blocked by Daniil Miromanov.
0:45 of 3rd period - Minor Penalty to Rem Pitlick for Interference.
0:46 of 3rd period - Nicolas Petan wins face-off versus Anthony Cirelli in Crunch zone.
1:11 of 3rd period - Sam Bennett is hit by Teemu Pulkkinen and loses puck.
2:45 of 3rd period - Penalty to Rem Pitlick is over, Rem Pitlick is back on ice.
3:38 of 3rd period - Juuso Riikola is hit by Anatoli Golyshev and loses puck.
3:51 of 3rd period - Teemu Pulkkinen is hit by Noah Hanifin and loses puck.
4:04 of 3rd period - Gustav Lindstrom is hit by Rem Pitlick and loses puck.
4:19 of 3rd period - Oliver Kylington is hit by Sean Walker and loses puck.
4:39 of 3rd period - Oliver Kylington is hit by Sam Bennett and loses puck.
5:07 of 3rd period - Christoffer Ehn is hit by Juho Lammikko.
5:08 of 3rd period - Christoffer Ehn from Crunch is injured at 5:08 of 3rd period (Bruised Left Shoulder).
5:09 of 3rd period - Nicolas Petan wins face-off versus Sam Bennett in Crunch zone.
5:53 of 3rd period - Icing by Curtis Lazar.
5:54 of 3rd period - Joel Vermin wins face-off versus Chandler Stephenson in Comets zone.
6:01 of 3rd period - Wrist shot by Anatoli Golyshev.
6:01 of 3rd period - Deflect By Connor Bunnaman.
6:01 of 3rd period - Shot Misses the Net.
6:01 of 3rd period - Puck is out of play.
6:02 of 3rd period - Sam Bennett wins face-off versus Nicolas Petan in Comets zone.
6:03 of 3rd period - Slapshot by Denis Gurianov.
6:03 of 3rd period - Stopped by Casey DeSmith with a rebound.
6:13 of 3rd period - Snap shot by Daniel Zaar.
6:13 of 3rd period - Shot Misses the Net.
6:15 of 3rd period - Wrist shot by Teemu Hartikainen.
6:15 of 3rd period - Shot Blocked by Roland McKeown.
6:17 of 3rd period - Slapshot by Gustav Lindstrom.
6:17 of 3rd period - Shot Misses the Net.
6:27 of 3rd period - Juuso Riikola is hit by Roland McKeown.
6:35 of 3rd period - Slapshot by Curtis Lazar.
6:35 of 3rd period - Stopped by Kaapo Kahkonen without a rebound.
6:36 of 3rd period - Nicolas Petan wins face-off versus Michael Ferland in Crunch zone.
6:45 of 3rd period - Adam Ollas-Mattsson is hit by Rem Pitlick and loses puck.
8:07 of 3rd period - Slapshot by Roland McKeown.
8:07 of 3rd period - Shot Blocked by Juho Lammikko.
8:23 of 3rd period - Wrist shot by Teemu Pulkkinen.
8:23 of 3rd period - Goal by Teemu Pulkkinen - Crunch : 5 - Comets : 5.
8:24 of 3rd period - Teemu Hartikainen wins face-off versus Sam Bennett in neutral zone.
8:35 of 3rd period - Nicolas Petan is hit by Jordan Oesterle and loses puck.
9:17 of 3rd period - Off-side.
9:18 of 3rd period - Anthony Cirelli wins face-off versus Chandler Stephenson in neutral zone.
10:04 of 3rd period - Slapshot by Joel Vermin.
10:04 of 3rd period - Stopped by Casey DeSmith with a rebound.
10:06 of 3rd period - Slapshot by Joel Vermin.
10:06 of 3rd period - Shot Blocked by Adam Ollas-Mattsson.
10:08 of 3rd period - Slapshot by Roland McKeown.
10:08 of 3rd period - Shot Misses the Net.
10:50 of 3rd period - Daniil Miromanov is hit by Rem Pitlick and loses puck.
11:07 of 3rd period - Sean Walker is hit by Teemu Hartikainen and loses puck.
12:03 of 3rd period - Anthony Cirelli is hit by Tyler Graovac and loses puck.
12:08 of 3rd period - Wrist shot by Tyler Graovac.
12:08 of 3rd period - Stopped by Kaapo Kahkonen with a rebound.
12:10 of 3rd period - Wrist shot by Juho Lammikko.
12:10 of 3rd period - Shot Misses the Net.
12:12 of 3rd period - Slapshot by Oliver Kylington.
12:12 of 3rd period - Shot Blocked by Jordan Oesterle.
12:26 of 3rd period - Snap shot by Teemu Hartikainen.
12:26 of 3rd period - Stopped by Kaapo Kahkonen without a rebound.
12:27 of 3rd period - Connor Bunnaman wins face-off versus Nicolas Petan in Crunch zone.
12:27 of 3rd period - Connor Bunnaman is hit by Nicolas Petan.
12:46 of 3rd period - Snap shot by Jeremy Lauzon.
12:46 of 3rd period - Stopped by Casey DeSmith with a rebound.
12:48 of 3rd period - Minor Penalty to Daniil Miromanov for Holding.
12:49 of 3rd period - Sam Bennett wins face-off versus Daniel Zaar in Comets zone.
12:50 of 3rd period - Snap shot by Denis Gurianov.
12:50 of 3rd period - Shot Misses the Net.
13:02 of 3rd period - Slapshot by Teemu Hartikainen.
13:02 of 3rd period - Goal by Teemu Hartikainen - Crunch : 5 - Comets : 6.
13:03 of 3rd period - Daniel Zaar wins face-off versus Sam Bennett in neutral zone.
13:10 of 3rd period - Wrist shot by Daniel Zaar.
13:10 of 3rd period - Stopped by Kaapo Kahkonen with a rebound.
13:30 of 3rd period - Daniel Zaar is hit by Rem Pitlick and loses puck.
13:55 of 3rd period - Snap shot by Vince Hinostroza.
13:55 of 3rd period - Shot Misses the Net.
14:48 of 3rd period - Penalty to Daniil Miromanov is over, Daniil Miromanov is back on ice.
15:36 of 3rd period - Oliver Kylington is hit by Anthony Cirelli and loses puck.
15:55 of 3rd period - Chandler Stephenson is hit by Brandon Hagel and loses puck.
16:10 of 3rd period - Gustav Lindstrom is hit by Roland McKeown.
16:16 of 3rd period - Wrist shot by Juho Lammikko.
16:16 of 3rd period - Shot Misses the Net.
17:38 of 3rd period - Snap shot by Sam Bennett.
17:38 of 3rd period - Stopped by Casey DeSmith without a rebound.
17:39 of 3rd period - Nicolas Petan wins face-off versus Sam Bennett in Comets zone.
18:02 of 3rd period - Icing by William Lagesson.
18:03 of 3rd period - Andrej Nestrasil wins face-off versus Michael Ferland in Comets zone.
18:16 of 3rd period - Jordan Oesterle is hit by Daniel Zaar and loses puck.
18:45 of 3rd period - Brendan Guhle is hit by Nicolas Petan and loses puck.
19:04 of 3rd period - Sam Bennett is hit by Oliver Kylington and loses puck.
19:16 of 3rd period - Crunch, Kaapo Kahkonen is pulled from the net.
19:28 of 3rd period - Snap shot by Daniel Zaar.
19:28 of 3rd period - Shot Blocked by Anthony Cirelli.
19:30 of 3rd period - Wrist shot by Andrej Nestrasil.
19:30 of 3rd period - Shot Blocked by Brendan Guhle.
19:32 of 3rd period - Snap shot by Daniel Zaar.
19:32 of 3rd period - Goal by Daniel Zaar - Crunch : 5 - Comets : 7.
19:32 of 3rd period - Kaapo Kahkonen from Crunch was sent back in the game.
19:33 of 3rd period - Sam Bennett wins face-off versus Nicolas Petan in neutral zone.
19:46 of 3rd period - Slapshot by Juuso Riikola.
19:46 of 3rd period - Shot Misses the Net.
19:48 of 3rd period - Slapshot by Juuso Riikola.
19:48 of 3rd period - Shot Blocked by Noah Hanifin.
Goals for this period are 0 for Crunch vs 3 for Comets.
Shots for this period are 4 for Crunch vs 7 for Comets.
Output by the SimonT Hockey Simulator (STHS) for Francois Prevost